 Dungeon Crawl Stone Soup version 0.30.0 (webtiles) character file.

Game seed: 4327511428639785971

3 Kepochkin the Trooper (level 1, 0/14 HPs)
             Began as a Gargoyle Fighter on May 14, 2023.
             Slain by a frilled lizard (3 damage)
             ... on level 1 of the Dungeon.
             The game lasted 00:01:58 (61 turns).

Kepochkin the Trooper (Gargoyle Fighter)              Turns: 61, Time: 00:01:59

Health: 0/14       AC:  9    Str: 19    XL:     1   Next: 50%
Magic:  1/1        EV:  9    Int:  8    God:
Gold:   16         SH:  4    Dex:  9    Spells: 0/0 levels left

rFire   . . .        a - +0 war axe
rCold   . . .        c - +0 buckler
rNeg    + . .        b - +0 scale mail
rPois   ∞            (no helmet)
rElec   +            (no cloak)
rCorr   .            (no gloves)
SInv    .            (no boots)
Will    .....        (no amulet) Stlth
                     (no ring)
HPRegen 0.22/turn    (no ring)
MPRegen 0.07/turn

%: no passive effects
@: no status effects
A: sickness immunity, AC +2, negative energy resistance 1, electricity
resistance, torment resistance 1, petrification resistance
a: no special abilities


You were on level 1 of the Dungeon.
You visited 1 branch of the dungeon, and saw 1 of its levels.

You collected 16 gold pieces.

Inventory:

Hand Weapons
 a - a +0 war axe (weapon)
Armour
 b - a +0 scale mail (worn)
 c - a +0 buckler (worn)
Potions
 d - a potion of might


   Skills:
 * Level 3.4 Fighting
 * Level 1.8 Axes
 + Level 3.3 Armour
 + Level 3.3 Shields


You couldn't memorise any spells.
You didn't know any spells.
Your spell library was empty.

Dungeon Overview and Level Annotations

Branches:
Dungeon (1/15)

Altars:


Innate Abilities, Weirdness & Mutations

You are immune to sickness and miasma.
Your stone body is resilient. (AC +2)
You are immune to poison.
You resist negative energy. (rN+)
You are resistant to electric shocks. (rElec)
You are resistant to unholy torment.
You are immune to petrification.


Message History

The bat completely misses you. The bat hits you but does no damage.
You see here a +0 rapier.
You completely miss the bat. You block the bat's attack.
You miss the bat. The bat barely misses you. You block the bat's attack.
You closely miss the bat. The bat hits you but does no damage. x2
You hit the bat.
You kill the bat!
You now have 16 gold pieces.
A frilled lizard and an endoplasm come into view.
Found a book of Conjurations.
The frilled lizard hisses angrily.
The endoplasm quivers.
There are monsters nearby!
A rat comes into view.
The endoplasm freezes you.
You are frozen.
You barely miss the endoplasm.
The endoplasm hits you but does no damage.
You barely miss the endoplasm. The endoplasm freezes you.
You are frozen.
The frilled lizard barely misses you. The endoplasm freezes you.
You are frozen.
* * * LOW HITPOINT WARNING * * *
You are too injured to fight recklessly!
You are too injured to fight recklessly!
You are too injured to fight recklessly!
You are too injured to fight recklessly!
You are too injured to fight recklessly!
You barely miss the frilled lizard. You hit the endoplasm.
The endoplasm hits you but does no damage.
The frilled lizard bites you but does no damage.
You completely miss the frilled lizard. You slash the endoplasm!
You kill the endoplasm!
The frilled lizard bites you but does no damage.
The frilled lizard attacks as you move away!
The frilled lizard bites you.
* * * LOW HITPOINT WARNING * * *
The frilled lizard bites you.
You die...

##+# ...
#...######...
#...:.......
#.... #...##+#
#....##...##.#
####.#.........#
.......r###....#
.......l##....)#
........@......#
.###.#!###.###.#
#. ...#.# #.# #.#
#..## #.# #.# #.#
..####.# #.# #.#
........# #.# #.#
..##....# #.# #.#
#####......# #.#
#.#
##~≈≈##.....###.#


You could see a frilled lizard and a rat.

Vanquished Creatures
  An endoplasm (D:1)
  A hobgoblin (D:1)
  A bat (D:1)
3 creatures vanquished.

Notes
Turn   | Place    | Note
-------+----------+-------------------------------------------
     0 | D:1      | Kepochkin the Gargoyle Fighter began the quest for the Orb.
     0 | D:1      | Reached XP level 1. HP: 14/14 MP: 1/1
    61 | D:1      | Slain by a frilled lizard

Illustrated notes

Levels and vault maps discovered:
D:1:      lightli_arrival_statuegarden, layout_basic

Action                     || total
---------------------------++-------
  Melee: War axe           ||    11
 Armour: Scale mail        ||     9
  Dodge: Dodged            ||     7
  Block: Buckler           ||     2
